[Event "Early-Titled-Tuesday-Blitz-October-10-2023"]
[Site "Chess.com"]
[Date "2023.10.10"]
[Round "11"]
[White "adotand"]
[Black "MikaelyanArman"]
[Result "0-1"]
[WhiteElo "2883"]
[BlackElo "2869"]
[TimeControl "180+1"]
[EndTime "10:04:28 PDT"]
[Termination "MikaelyanArman won by resignation"]

1. d4 d5 2. c4 c6 3. Nf3 Nf6 4. e3 e6 5. b3 Nbd7 6. Bb2 b6 7. Nbd2 Bb7 8. Bd3 Bd6 9. O-O O-O 10. Ne5 c5 11. cxd5 exd5 12. Rc1 Qe7 13. f4 Rac8 14. Qf3 cxd4 15. exd4 Bb4 16. Qh3 Bxd2 17. Nxd7 Qe3+ 18. Qxe3 Bxe3+ 19. Kh1 Nxd7 20. Rce1 Bd2 21. Re7 Bc6 22. Ba3 Rfe8 23. Rd1 Rxe7 24. Bxe7 Re8 25. Rxd2 Rxe7 26. Kg1 Kf8 27. Rc2 Nb8 28. Kf2 g6 29. g4 Ke8 30.
a4 Kd8 31. f5 Bd7 32. Rd2 Nc6 33. Bb1 gxf5 34. gxf5 f6 35. h4 Rg7 36. Kf3 Ne7 37. Kf4 Rg1 38. Bd3 Bxf5 39. Bb5 Be4 40. h5 Rh1 41. a5 Rh4+ 42. Kg3 Nf5+ 43. Kf2 Rh2+ 44. Ke1 Rxd2 45. Kxd2 bxa5 46. Kc3 Ke7 47. Be2 Ng3 48. Bd1 f5 49. Kd2 f4 0-1

[Event "Early-Titled-Tuesday-Blitz-October-10-2023"]
[Site "Chess.com"]
[Date "2023.10.10"]
[Round "11"]
[White "kreonx"]
[Black "Mikhail_Golubev"]
[Result "1-0"]
[WhiteElo "2498"]
[BlackElo "2604"]
[TimeControl "180+1"]
[EndTime "10:04:28 PDT"]
[Termination "kreonx won by resignation"]

1. e4 c5 2. c4 Nc6 3. Nc3 g6 4. g3 Bg7 5. Bg2 Nf6 6. Rb1 O-O 7. Nge2 Ne8 8. a3 Nc7 9. d3 a5 10. O-O Ne6 11. f4 Ned4 12. Nxd4 Nxd4 13. Ne2 e6 14.
Be3 d5 15. Bxd4 cxd4 16. exd5 exd5 17. Bxd5 Re8 18. Be4 Bg4 19. Qd2 f5 20. Bf3 Bxf3 21. Rxf3 Ra6 22. Kg2 Rae6 23. Ng1 a4 24. b4 axb3 25.
Rxb3 Qd7 26. Qb2 R8e7 27. Rf2 Re3 28. Nf3 h6 29. Qd2 Qc6 30. Rb5 Kh7 31. Rd5 g5 32. fxg5 hxg5 33. Nxg5+ Kg6 34. Nf3 Bh6 35. Nh4+ Kh7 36. Nxf5 Rxg3+ 37. hxg3 Bxd2 38. Nxe7 Qe6 39. Nf5 Be3 40. Rf1 Kg6 41. Rd6 1-0

[Event "Early-Titled-Tuesday-Blitz-October-10-2023"]
[Site "Chess.com"]
[Date "2023.10.10"]
[Round "11"]
[White "JuniorJumper"]
[Black "RianKapriaga"]
[Result "1-0"]
[WhiteElo "2569"]
[BlackElo "2312"]
[TimeControl "180+1"]
[EndTime "10:04:28 PDT"]
[Termination "JuniorJumper won by checkmate"]

1. d4 f5 2. Bg5 h6 3. Bh4 g5 4. e3 Nf6 5. Bg3 d6 6. c4 Bg7 7.
Nc3 Be6 8. Bd3 O-O 9. Qf3 c6 10. Bxf5 Bxf5 11. Qxf5 Qb6 12. O-O-O Na6 13. h4 g4 14.
Nge2 Qb4 15. Qe6+ Rf7 16. c5 dxc5 17. a3 Qa5 18. d5 cxd5 19. Nxd5 Nxd5 20. Rxd5 Bxb2+ 21.
Kxb2 Qb5+ 22. Kc3 Qxe2 23. Rhd1 Rf8 24. Rd8 b5 25. Rxf8+ Kxf8 26. Rd8+ Kg7 27. Be5+ Rf6 28. Qxe7+ Kg6 29. Qxf6+ Kh5 30. Qf5+ Kxh4 31. Bg3# 1-0

[Event "Early-Titled-Tuesday-Blitz-October-10-2023"]
[Site "Chess.com"]
[Date "2023.10.10"]
[Round "11"]
[White "Abund"]
[Black "Krakozia"]
[Result "0-1"]
[WhiteElo "2787"]
[BlackElo "2990"]
[TimeControl "180+1"]
[EndTime "10:04:29 PDT"]
[Termination "Krakozia won by checkmate"]

1. e4 c5 2. Nf3 e6 3. c3 d5 4. exd5 Qxd5 5. d4 Nf6 6. Na3 a6 7. Nc4 Nbd7 8. a4 b6 9. Be2 Bb7 10. O-O cxd4 11. Qxd4 Bc5 12. Qh4 O-O 13. Be3 Rfd8 14.
Rfd1 Qc6 15. Bf1 Bxe3 16. Nxe3 Nc5 17. Nd4 Qe8 18. a5 b5 19. Ng4 Nxg4 20. Qxg4 Rac8 21. Re1 Qe7 22. Re3 Qf6 23. Rae1 g6 24. h4 h5 25. Qg3 Bd5 26. Re5 Kf8 27. R5e3 Na4 28. R1e2 Kg7 29. Rd2 Nc5 30. f3 Nb7 31. b4 Nd6 32. Rd1 Nc4 33.
Bxc4 Rxc4 34. Rdd3 Rdc8 35. Ne2 Qxh4 36. Qd6 Qe1+ 37.
Kh2 Rh4# 0-1

[Event "Early-Titled-Tuesday-Blitz-October-10-2023"]
[Site "Chess.com"]
[Date "2023.10.10"]
[Round "11"]
[White "ExchangeAB"]
[Black "carloseduar100"]
[Result "1-0"]
[WhiteElo "2501"]
[BlackElo "2334"]
[TimeControl "180+1"]
[EndTime "10:04:30 PDT"]
[Termination "ExchangeAB won on time"]

1. d4 d5 2. Nc3 Nf6 3. Bf4 Bf5 4. e3 e6 5. f3 a6 6. g4 Bg6 7. h4 h6 8. Bd3 Bxd3 9. Qxd3 Nbd7 10. Nge2 Bd6 11.
Kf2 Qe7 12. Bxd6 cxd6 13. Ng3 Rc8 14. g5 hxg5 15. hxg5 Rxh1 16. gxf6 Rxa1 17. fxe7 Kxe7 18. e4 Rh8 19. Kg2 dxe4 20. fxe4 Nf6 21. e5 Ng4 22. exd6+ Kxd6 23. Nce4+ Kc7 24. Qc4+ Kb8 25. Qb3 f5 26.
Qxe6 Ka8 27. Nxf5 Rh2+ 28. Kg3 Rg1+ 29. Kf4 g5+ 30. Kxg5 Nh6+ 31. Nfg3 1-0

[Event "Early-Titled-Tuesday-Blitz-October-10-2023"]
[Site "Chess.com"]
[Date "2023.10.10"]
[Round "11"]
[White "Witik"]
[Black "Orest_Vovk"]
[Result "1-0"]
[WhiteElo "2695"]
[BlackElo "2535"]
[TimeControl "180+1"]
[EndTime "10:04:31 PDT"]
[Termination "Witik won by resignation"]

1. d4 h6 2. e4 g5 3. h4 g4 4. Nc3 Bg7 5. Be3 d6 6. Nge2 c6 7. Nf4 h5 8. g3 Qb6 9. Rb1 Qa5 10. Bg2 e5 11. dxe5 dxe5 12. Nd3 Be6 13. O-O Nd7 14.
b4 Qc7 15. Qc1 Ne7 16. Rd1 b6 17. b5 O-O 18. bxc6 Qxc6 19. Nd5 Bxd5 20. exd5 Qd6 21. Nb4 f5 22. Bg5 Ng6 23. Nc6 Nc5 24. Qa3 f4 25. Re1 e4 26. Bxe4 Nxe4 27. Qxd6 Nxd6 28. Re6 fxg3 29.
fxg3 Nf5 30. Rxg6 Nxg3 31. d6 Ne2+ 32. Kg2 Rac8 33. d7 Ra8 34. Re1 Nf4+ 35. Bxf4 Rxf4 36.
d8=Q+ Rxd8 37. Nxd8 Kh7 38. Rxg7+ Kxg7 39. Ne6+ 1-0

[Event "Early-Titled-Tuesday-Blitz-October-10-2023"]
[Site "Chess.com"]
[Date "2023.10.10"]
[Round "11"]
[White "chenrip"]
[Black "Sadykov_Ramil"]
[Result "1-0"]
[WhiteElo "2511"]
[BlackElo "2610"]
[TimeControl "180+1"]
[EndTime "10:04:32 PDT"]
[Termination "chenrip won by resignation"]

1. e4 e6 2. d4 d5 3. Nc3 Bb4 4.
e5 Ne7 5. a3 Bxc3+ 6. bxc3 b6 7. a4 Ba6 8. Bxa6 Nxa6 9. Ba3 c5 10. h4 h5 11. Nf3 Qd7 12. Qe2 Qxa4 13. O-O Qc4 14. Qxc4 dxc4 15. Bxc5 Nxc5 16. dxc5 bxc5 17.
Ra5 Nd5 18. Rxc5 Kd7 19. Ra1 Rhc8 20. Rca5 Rc7 21. R1a3 f6 22. exf6 gxf6 23. Nd4 Rb7 24. R5a4 e5 25. Nf5 Ke6 26. Ng3 Nf4 27. Rxc4 a5 28. Rc6+ Kf7 29. Ne4 Rb1+ 30. Kh2 Re1 31. Nxf6 Re2 32. Kg3 Rxc2 33. Kf3 a4 34. g3 Nd3 35. Ne4 Nb2 36. Ke3 Nd1+ 37. Kd3 Rb2 38. Kc4 Nxf2 39. Rf6+ Ke7 40. Rxf2 Rxf2 41. Nxf2 Rg8 42.
Ne4 Rg4 43. Kd5 Rg8 44. Rxa4 Rd8+ 45. Kxe5 Kf7 46. Ra7+ Kg6 47. Ra6+ Kg7 48. c4 Re8+ 49. Kf5 1-0

[Event "Early-Titled-Tuesday-Blitz-October-10-2023"]
[Site "Chess.com"]
[Date "2023.10.10"]
[Round "11"]
[White "Wizard_97"]
[Black "N4700000"]
[Result "0-1"]
[WhiteElo "2563"]
[BlackElo "2450"]
[TimeControl "180+1"]
[EndTime "10:04:33 PDT"]
[Termination "N4700000 won by checkmate"]

1. e4 c6 2. d4 d5 3. Nd2 dxe4 4. Nxe4 Nf6 5. Nxf6+ exf6 6. c3 Bd6 7. Bd3 Na6 8. Ne2 Nc7 9. O-O O-O 10. Qc2 g6 11.
Ng3 f5 12. Bh6 Re8 13. Rae1 Ne6 14. b3 Qh4 15. Bc1 Bd7 16. Re2 f4 17. Ne4 f3 18.
Nxd6 fxe2 19. Bxe2 Re7 20. Ne4 Nf4 21. Bf3 Bf5 22.
g3 Nh3+ 23. Kg2 Qxe4 24. Bxe4 Bxe4+ 25. Qxe4 Rxe4 26. Kxh3 Rae8 27. Be3 f6 28. Kg2 Kf7 29. Kf3 g5 30. h3 h5 31. a4 Kg6 32. a5 a6 33. Ra1 f5 34. Ra4 h4 35. gxh4 Rxh4 36. Kg2 f4 37. Bc1 Reh8 38. Rb4 R8h7 39. d5 cxd5 40. Rb6+ Kf5 41. Rd6 Rxh3 42. Rxd5+ Ke4 43.
Rd4+ Ke5 44. Bd2 f3+ 45. Kf1 Rh1# 0-1

[Event "Early-Titled-Tuesday-Blitz-October-10-2023"]
[Site "Chess.com"]
[Date "2023.10.10"]
[Round "11"]
[White "DenLaz"]
[Black "djokovic74"]
[Result "1-0"]
[WhiteElo "3049"]
[BlackElo "2761"]
[TimeControl "180+1"]
[EndTime "10:04:36 PDT"]
[Termination "DenLaz won by checkmate"]

1. d4 e6 2. c4 Nf6 3. Nf3 Bb4+ 4. Bd2 Qe7 5. g3 Nc6 6. Nc3 Bxc3 7. Bxc3 Ne4 8. Qc2 Nxc3 9. Qxc3 Qb4 10. Kd2 Qxc3+ 11.
Kxc3 a5 12. Bg2 d6 13. b3 Bd7 14. Ne1 Ke7 15. Nd3 f6 16. a3 Rhb8 17. b4 e5 18. e3 Bf5 19. b5 Nd8 20. a4 g5 21.
f4 Bxd3 22. Kxd3 Nf7 23. Bd5 c6 24. Bxf7 Kxf7 25. fxe5 dxe5 26. dxe5 Rd8+ 27. Kc3 f5 28. bxc6 bxc6 29. Rab1 Rd7 30. Rb6 Rad8 31. c5 Rd3+ 32. Kc4 Rxe3 33. Rxc6 Ra3 34. Kb5 Rd4 35. Rf1 f4 36.
gxf4 Rb4+ 37. Ka6 gxf4 38. Rf6+ Ke7 39. R1xf4 Raxa4 40. R4f5 Ra1 41. Rh5 a4 42. Rxh7+ Ke8 43. Rg6 Kf8 44. e6 Re1 45. Rf7+ Ke8 46. Rg8# 1-0

[Event "Early-Titled-Tuesday-Blitz-October-10-2023"]
[Site "Chess.com"]
[Date "2023.10.10"]
[Round "11"]
[White "ama18"]
[Black "ViktoriyaTarasova"]
[Result "1-0"]
[WhiteElo "2541"]
[BlackElo "2389"]
[TimeControl "180+1"]
[EndTime "10:04:36 PDT"]
[Termination "ama18 won by resignation"]

1. e4 e5 2. Bc4 Nf6 3. Nc3 c6 4. d4 Bb4 5. dxe5 Nxe4 6. Qd4 Nxc3 7. bxc3 Be7 8. Bf4 O-O 9. Nf3 b5 10. Bd3 Na6 11. a4 bxa4 12. Qe4 g6 13. h4 Nc5 14.
Qe3 Qa5 15. Bc4 Ba6 16. Bxa6 Qxa6 17. h5 Qc4 18. Bg5 Rae8 19. Rh4 Bxg5 20. Rxc4 Bxe3 21. fxe3 Ne6 22. Rcxa4 gxh5 23. Rxa7 Re7 24. Ke2 f6 25.
Rd1 fxe5 26. Rdxd7 Rxd7 27. Rxd7 Nc5 28. Re7 Ne4 29. c4 Ng3+ 30. Kf2 e4 31. Kxg3 exf3 32. gxf3 Rd8 33. Rc7 Rd6 34. c5 Re6 35. e4 Rf6 36. f4 h4+ 37. Kg4 h3 38. Ra7 h2 39. Ra1 Rg6+ 40.
Kh3 Rh6+ 41. Kg2 Kf7 42. Rh1 Rh4 43. Kg3 Rh6 44. Rxh2 Rg6+ 45. Kf3 Kg7 46. Rg2 Rxg2 47.
Kxg2 Kg6 48. Kh3 Kf6 49. Kh4 Kg6 50. c4 Kf6 51. Kg4 Kg6 52. e5 Kf7 53. f5 Ke7 54. Kh5 Kf7 55. Kh6 Kg8 56. e6 Kf8 57. f6 Ke8 58. Kxh7 Kf8 59. Kg6 Kg8 60. f7+ Kf8 61. e7+ Kxe7 62. Kg7 1-0

[Event "Early-Titled-Tuesday-Blitz-October-10-2023"]
[Site "Chess.com"]
[Date "2023.10.10"]
[Round "11"]
[White "noblerone"]
[Black "Josgar05"]
[Result "0-1"]
[WhiteElo "2444"]
[BlackElo "2320"]
[TimeControl "180+1"]
[EndTime "10:04:36 PDT"]
[Termination "Josgar05 won by resignation"]

1. d4 Nf6 2. Nf3 g6 3. Bg5 Bg7 4. Nbd2 d5 5. e3 O-O 6. Be2 c5 7. O-O Nc6 8. c3 Re8 9. dxc5 a5 10. a4 h6 11. Bxf6 Bxf6 12. Nb3 e5 13. h3 Be6 14. Bb5 Rc8 15. Nfd2 e4 16. Nd4 Bd7 17. Bxc6 bxc6 18. b4 Be5 19. Rb1 Qg5 20. f4 exf3 21. Qxf3 f5 22.
N2b3 axb4 23. cxb4 Bc7 24. b5 Rxe3 25. Qd1 Rxh3 26.
Nf3 Qe3+ 27. Rf2 Bg3 28. Qe1 Bxf2+ 29. Qxf2 Rh1+ 30. Kxh1 Qxf2 31. Nbd4 cxb5 32. axb5 Rxc5 33. b6 Qe3 34. b7 Rc1+ 35. Rxc1 Qxc1+ 36. Kh2 Qf4+ 37. Kg1 Qb8 38. Kf2 Qxb7 39. Ke3 Qb6 40. Kf4 Qd6+ 41. Ke3 Kg7 42. Kf2 Kf6 43. g3 g5 44.
Ke3 Qxg3 45. Ke2 g4 46. Nd2 h5 47. Nc2 Bb5+ 48. Kd1 h4 49. Kc1 h3 0-1

[Event "Early-Titled-Tuesday-Blitz-October-10-2023"]
[Site "Chess.com"]
[Date "2023.10.10"]
[Round "11"]
[White "rachidhuilda"]
[Black "mary-sanna"]
[Result "1/2-1/2"]
[WhiteElo "2356"]
[BlackElo "2158"]
[TimeControl "180+1"]
[EndTime "10:04:36 PDT"]
[Termination "Game drawn by repetition"]

1. d4 d5 2. c4 e6 3. Nf3 Nf6 4. g3 dxc4 5. Bg2 Nc6 6. O-O Be7 7. a4 O-O 8. Na3 Na5 9. Qc2 Nb3 10. Ra2 Nxd4 11.
Nxd4 Qxd4 12. Qxc4 Qxc4 13. Nxc4 Rd8 14. a5 Rb8 15. e4 b5 16. axb6 axb6 17. Bf4 Ne8 18. Rc1 g5 19. Be3 Bb7 20. Ne5 c5 21. h3 Nd6 22. f3 Bf6 23. Nc4 Nxc4 24. Rxc4 Rd1+ 25. Kf2 Rb1 26. Rc2 h6 27. f4 gxf4 28. gxf4 Bh4+ 29. Kf3 f5 30. Ke2 fxe4 31. Rc4 Bd5 32. Rca4 Bxa2 33. Rxa2 Rd8 34. Bxe4 Re1+ 35. Kf3 Kf7 36. Ra7+ Kf6 37. Rh7 Rf1+ 38. Ke2 Re1+ 39. Kf3 Rf1+ 40. Ke2 Re1+ 41.
Kf3 1/2-1/2

[Event "Early-Titled-Tuesday-Blitz-October-10-2023"]
[Site "Chess.com"]
[Date "2023.10.10"]
[Round "11"]
[White "CraiggoryC"]
[Black "FMStan15"]
[Result "0-1"]
[WhiteElo "2240"]
[BlackElo "2118"]
[TimeControl "180+1"]
[EndTime "10:04:37 PDT"]
[Termination "FMStan15 won on time"]

1. e4 e6 2. d4 d5 3. e5 c5 4. c3 Nc6 5. Nf3 Qb6 6. a3 c4 7.
Nbd2 Na5 8. g3 Bd7 9. Bg2 O-O-O 10. O-O h6 11. Ne1 Kb8 12. Rb1 Rc8 13. Qf3 Be8 14. Nc2 Ne7 15. Nb4 Nec6 16. b3 cxb3 17. Nxb3 Nxb3 18. Rxb3 Nxb4 19. axb4 a6 20. Bd2 Bb5 21.
Qxf7 Bxf1 22. Bxf1 Rc7 23. Qg6 Ka7 24. b5 a5 25. Bh3 a4 26. Rb1 Re7 27. Rb4 Kb8 28. Qc2 a3 29. Qa4 Rc7 30. Rb1 Rc4 31. Qc2 Qa5 0-1

[Event "Early-Titled-Tuesday-Blitz-October-10-2023"]
[Site "Chess.com"]
[Date "2023.10.10"]
[Round "11"]
[White "Ariadna_Atreides"]
[Black "soumeow"]
[Result "0-1"]
[WhiteElo "2192"]
[BlackElo "2298"]
[TimeControl "180+1"]
[EndTime "10:04:38 PDT"]
[Termination "soumeow won on time"]

1. d4 Nf6 2. Nf3 g6 3. Nbd2 Bg7 4. e4 d6 5. Bd3 O-O 6. O-O c5 7. c3 Nbd7 8. Re1 e5 9. dxe5 dxe5 10. Nc4 Qe7 11. Bc2 Ne8 12. Ne3 Nc7 13. Nd5 Nxd5 14. exd5 Qd6 15. Ng5 Nb6 16. Be3 f5 17. a4 c4 18.
Bxb6 axb6 19. b3 e4 20. Qd2 Be5 21. g3 Qf6 22. h4 Bxc3 23. Qe2 Bxa1 24. Qxc4 Kh8 25.
d6 Bd7 26. Qc7 Rad8 27. Qxb6 h6 28. Nh3 Bd4 29. Qxb7 Qxd6 30. Nf4 Rg8 31. Rd1 Qc5 32. h5 gxh5 33. Nxh5 Qxc2 34. Qc6 Qxc6 0-1

[Event "Early-Titled-Tuesday-Blitz-October-10-2023"]
[Site "Chess.com"]
[Date "2023.10.10"]
[Round "11"]
[White "Radislav_Atanasov"]
[Black "JAN2404"]
[Result "0-1"]
[WhiteElo "2258"]
[BlackElo "2094"]
[TimeControl "180+1"]
[EndTime "10:04:40 PDT"]
[Termination "JAN2404 won on time"]

1. e3 g6 2. d4 Bg7 3. c4 d5 4. Nf3 Nf6 5. Nc3 O-O 6. Be2 a5 7.
O-O c6 8. Ne5 Nbd7 9. f4 Nb6 10.
b3 Be6 11. Ba3 a4 12. c5 axb3 13. axb3 Nbd7 14. b4 Qc7 15. b5 Nxe5 16. fxe5 Ne4 17. Qc2 Bh6 18. Nxe4 Bf5 19. Bd3 dxe4 20. Bxe4 Bxe3+ 21. Kh1 Bxd4 22. Bxf5 Bxa1 23. Rxa1 gxf5 24. Qxf5 Kh8 25. e6 f6 26. b6 Qe5 27. Qxe5 fxe5 28.
h3 Rf2 29. Kg1 Rc2 30. Bb2 Rxa1+ 31. Bxa1 Rc1+ 32. Kh2 Rxa1 33. Kg3 Rf1 34. Kg4 e4 0-1

[Event "Early-Titled-Tuesday-Blitz-October-10-2023"]
[Site "Chess.com"]
[Date "2023.10.10"]
[Round "11"]
[White "lluiss"]
[Black "Treasurechess777"]
[Result "0-1"]
[WhiteElo "2200"]
[BlackElo "2393"]
[TimeControl "180+1"]
[EndTime "10:04:41 PDT"]
[Termination "Treasurechess777 won by checkmate"]

1. Nf3 Nf6 2. d4 b6 3. g3 Bb7 4. Bg2 e6 5. O-O d6 6. Re1 Nbd7 7. Nc3 c5 8. e4 cxd4 9. Nxd4 a6 10. Bg5 Qc7 11.
Nd5 exd5 12. exd5+ Kd8 13. Qe2 Kc8 14. Qe8+ Qd8 15.
Qe3 Kb8 16. Nc6+ Bxc6 17. dxc6 Nc5 18. Bxf6 gxf6 19. c7+ Kxc7 20. Bxa8 Qxa8 21. Qf4 Qd8 22. Qc4 d5 23. Qc3 Kb7 24. Rad1 Ne6 25. Qf3 Nc7 26.
c4 Bb4 27. Re2 Ka7 28. cxd5 Bd6 29. Rc1 h5 30. Rc6 h4 31. Qb3 Nb5 32. Rd2 hxg3 33. hxg3 Qe8 34. Rd1 Qe4 35. f3 Qh7 36.
Kf2 Qh2+ 37. Ke3 Re8+ 38. Kd3 Qe2# 0-1

[Event "Early-Titled-Tuesday-Blitz-October-10-2023"]
[Site "Chess.com"]
[Date "2023.10.10"]
[Round "11"]
[White "vishwa_vijeta"]
[Black "KorolDimitriy75"]
[Result "1-0"]
[WhiteElo "2554"]
[BlackElo "2408"]
[TimeControl "180+1"]
[EndTime "10:04:45 PDT"]
[Termination "vishwa_vijeta won on time"]

1. e4 c5 2. Nf3 d6 3. d4 cxd4 4. Nxd4 Nf6 5. Nc3 g6 6. Be3 Bg7 7. Qd2 O-O 8. Bc4 Nc6 9. f3 Bd7 10. O-O-O Qa5 11. Kb1 Rfc8 12. Bb3 Ne5 13. h4 b5 14. h5 Nc4 15. Bxc4 bxc4 16. hxg6 fxg6 17. Bh6 Bh8 18. Nd5 Qxd2 19. Rxd2 Nxd5 20. exd5 c3 21. bxc3 Rab8+ 22. Nb3 a5 23. Kc1 Bxc3 24. Re2 a4 25. Nd2 Rb2 26. Rxe7 Rxa2 27. Nb1 Bf5 28. Nxc3 Rxc2+ 29. Kd1 R2xc3 30. Bd2 Rd3 31. Rhxh7 a3 32. Reg7+ Kf8 33.
Ra7 Kg8 34. Rhb7 Rd4 35. Ke1 1-0

[Event "Early-Titled-Tuesday-Blitz-October-10-2023"]
[Site "Chess.com"]
[Date "2023.10.10"]
[Round "11"]
[White "DTChess"]
[Black "Manukyan_Artak"]
[Result "1-0"]
[WhiteElo "2619"]
[BlackElo "2468"]
[TimeControl "180+1"]
[EndTime "10:04:46 PDT"]
[Termination "DTChess won by resignation"]

1. e4 c6 2. d4 d5 3. Nc3 dxe4 4. Nxe4 Nf6 5. Nxf6+ exf6 6. c3 Bd6 7. Bd3 Na6 8. Ne2 Nc7 9. Qc2 Nd5 10. O-O h5 11. a3 b5 12. b3 O-O 13. c4 bxc4 14. bxc4 Ne7 15. Bb2 g6 16. Ng3 f5 17. Rae1 h4 18. Ne2 h3 19. g3 Re8 20. d5 Rb8 21. Ba1 Qa5 22. Nd4 cxd5 23. Nc6 Qxa3 24. Nxb8 Bxb8 25.
cxd5 Qd6 26. Qc3 f6 27. Re6 Qxd5 28. Re4 Be5 29. Bc4 Bxc3 30. Bxd5+ Kg7 31. Rxe7+ Rxe7 32.
Bxc3 Bb7 33. Bxb7 Rxb7 34. Bd4 a5 35. Ra1 Rb5 36. Kf1 g5 37. Ke2 g4 38. Bc3 Kg6 39.
Bxa5 f4 40. gxf4 Kf5 41. Bd2 Rb2 42. Ra5+ Ke4 43. Ra4+ Kf5 44. Rd4 Ra2 45. Ke3 Ra1 46. Rd5+ Ke6 47. Rh5 Rh1 48. f5+ Kd5 49. Bc3 Rxh2 50.
Bxf6 Rg2 51. Bg5 h2 52. Bf4 1-0

[Event "Early-Titled-Tuesday-Blitz-October-10-2023"]
[Site "Chess.com"]
[Date "2023.10.10"]
[Round "11"]
[White "THE_PLAYER6"]
[Black "Roman_Ovetchkin"]
[Result "0-1"]
[WhiteElo "2544"]
[BlackElo "2700"]
[TimeControl "180+1"]
[EndTime "10:04:47 PDT"]
[Termination "Roman_Ovetchkin won by resignation"]

1. e4 c6 2. d4 d5 3. Nc3 dxe4 4. Nxe4 Nf6 5. Nxf6+ exf6 6. Nf3 Bd6 7. Bd3 O-O 8.
O-O Bg4 9. h3 Bh5 10. c3 Nd7 11. Qc2 Bxf3 12. gxf3 g6 13. Bh6 Re8 14. Rae1 Qc7 15. Kg2 Bf4 16. Bxf4 Qxf4 17. Bc4 Nb6 18. Bb3 Kg7 19. Re4 Qg5+ 20. Kh2 f5 21. Re2 Nd7 22.
Rfe1 Nf6 23. Rxe8 Rxe8 24. Rxe8 Nxe8 25. Qe2 Qf4+ 26. Kg2 Kf8 27. Qe3 Qd6 28. f4 Nf6 29.
Qe5 Qe7 30. f3 b6 31. a4 Qxe5 32. fxe5 Nh5 33. Bc2 Ke7 34. b4 f6 35. exf6+ Kxf6 36. Kf2 Nf4 37. Ke3 g5 38. c4 Nxh3 39. c5 Nf4 40.
Bb3 bxc5 41. dxc5 Ne6 42. Kd3 h5 43. Bd1 Nf4+ 44. Ke3 Nd5+ 45. Kf2 Nxb4 46. f4 Nd3+ 47. Kg3 Nxf4 48. Bf3 h4+ 49. Kh2 Nd5 50. Bxd5 cxd5 51. c6 Ke7 52. c7 Kd7 53. c8=Q+ Kxc8 0-1

[Event "Early-Titled-Tuesday-Blitz-October-10-2023"]
[Site "Chess.com"]
[Date "2023.10.10"]
[Round "11"]
[White "Cayse"]
[Black "Fandorine"]
[Result "0-1"]
[WhiteElo "2853"]
[BlackElo "2928"]
[TimeControl "180+1"]
[EndTime "10:04:49 PDT"]
[Termination "Fandorine won on time"]

1. e4 g6 2. d4 Bg7 3. Nc3 d6 4. f4 Nf6 5. Nf3 Nc6 6. Be3 O-O 7. Qd2 Bg4 8. d5 Bxf3 9. gxf3 Nb4 10. a3 Na6 11. Rg1 Nc5 12. f5 Ncd7 13. O-O-O c6 14.
f4 cxd5 15. exd5 Qa5 16. fxg6 hxg6 17. Bd4 Bh6 18. Kb1 Nxd5 19. Bc4 N7b6 20. Bxb6 Nxc3+ 21. Ka1 Qf5 22. Rxg6+ Kh7 23. Bd3 Ne4 24. Rg2 axb6 25. Qe2 d5 26. Rdg1 Rg8 27. Rg5 Rxg5 28. fxg5 Bg7 29. Rf1 Rxa3+ 30. Kb1 Qe5 31. c3 Kg8 32. Bxe4 Ra8 33. Qh5 Qxe4+ 0-1

[Event "Early-Titled-Tuesday-Blitz-October-10-2023"]
[Site "Chess.com"]
[Date "2023.10.10"]
[Round "11"]
[White "DanyKopy"]
[Black "crazy_m_attack"]
[Result "0-1"]
[WhiteElo "2540"]
[BlackElo "2438"]
[TimeControl "180+1"]
[EndTime "10:04:50 PDT"]
[Termination "crazy_m_attack won on time"]

1. e4 e5 2. Nf3 Nc6 3. Nc3 Nf6 4. d4 exd4 5. Nxd4 Bb4 6. Nxc6 bxc6 7. Bd3 d5 8. exd5 O-O 9. O-O cxd5 10. Bg5 c6 11. Na4 Bd6 12. h3 c5 13. c3 Bd7 14.
Bc2 Rb8 15. Rb1 Bc6 16. Re1 g6 17. Qf3 Kg7 18. a3 Be7 19. b4 cxb4 20. axb4 Ne4 21. Bxe7 Qxe7 22. Nc5 Rfe8 23. Qe3 Qf6 24. Nxe4 dxe4 25.
Ra1 Rb7 26. Ra6 Re6 27. Bb3 Rd6 28. Rc1 Re7 29. Rxa7 Rxa7 30. Qxa7 Rd2 31. Qe3 Rd3 32.
Qc5 e3 33. fxe3 Rd2 34. e4 Bxe4 0-1

[Event "Early-Titled-Tuesday-Blitz-October-10-2023"]
[Site "Chess.com"]
[Date "2023.10.10"]
[Round "11"]
[White "cristiano78"]
[Black "Rozhkov_V"]
[Result "1-0"]
[WhiteElo "2260"]
[BlackElo "2416"]
[TimeControl "180+1"]
[EndTime "10:04:52 PDT"]
[Termination "cristiano78 won on time"]

1. d4 d5 2. c4 dxc4 3. e3 e5 4. Bxc4 Nc6 5. Nf3 e4 6. Nfd2 Qg5 7. Bf1 Nf6 8. g3 Bd6 9. Bg2 Qg6 10. a3 O-O 11. Nc3 Bf5 12. O-O a6 13. b4 h5 14. h4 Rfe8 15. Bb2 Ng4 16. Nc4 Rad8 17. Nxd6 Rxd6 18. Rc1 Nf6 19. Ne2 Bg4 20. Qc2 Nd5 21.
Rfe1 Qf5 22. Nf4 Nf6 23. Qb3 Bf3 24. Rc5 Qh7 25. b5 axb5 26. Qxb5 Bxg2 27. Kxg2 g6 28. Qxb7 Ne7 29. Rxc7 Nf5 30. Rc8 Rxc8 31. Qxc8+ Kg7 32. d5 Qh6 33. Qc7 g5 34. hxg5 Qxg5 35. Ne6+ Rxe6 36. dxe6 Nh4+ 37. Kf1 Qg6 38. gxh4 1-0

[Event "Early-Titled-Tuesday-Blitz-October-10-2023"]
[Site "Chess.com"]
[Date "2023.10.10"]
[Round "11"]
[White "djano"]
[Black "vladgoncharov"]
[Result "0-1"]
[WhiteElo "2670"]
[BlackElo "2546"]
[TimeControl "180+1"]
[EndTime "10:04:54 PDT"]
[Termination "vladgoncharov won on time"]

1. e4 e6 2. b3 d5 3. Bb2 Nf6 4. d3 dxe4 5. Nd2 Bb4 6. a3 Bc5 7. Nxe4 Nxe4 8. dxe4 Qxd1+ 9. Rxd1 f6 10. b4 Be7 11. Bc4 Nc6 12. Ne2 e5 13. f4 Bg4 14.
h3 Bxe2 15. Kxe2 exf4 16. Rhf1 Bd6 17. Bd5 Ke7 18. c4 Rad8 19. Bc1 g5 20. h4 h6 21. Rh1 Be5 22. c5 Nd4+ 23. Kf2 c6 24. Bc4 Ne6 25. Ke1 Rxd1+ 26. Kxd1 Rd8+ 27. Kc2 Rd4 28. Bd3 g4 29. Bd2 h5 30. Rf1 b5 31. a4 a6 32.
axb5 axb5 33. Bc3 Rd7 34. Bd2 Ra7 35. Rd1 Ra3 36. Bf1 Nd4+ 37. Kb1 f3 38. gxf3 Nxf3 39. Bc1 Ra1+ 40. Kc2 Nxh4 41. Bd3 Nf3 42. Rh1 h4 43. Be3 Rxh1 0-1

[Event "Early-Titled-Tuesday-Blitz-October-10-2023"]
[Site "Chess.com"]
[Date "2023.10.10"]
[Round "11"]
[White "RETURNOFTHELAGGER"]
[Black "Tonychess32"]
[Result "1-0"]
[WhiteElo "2681"]
[BlackElo "2497"]
[TimeControl "180+1"]
[EndTime "10:04:56 PDT"]
[Termination "RETURNOFTHELAGGER won by resignation"]

1. d4 Nf6 2. Nf3 e6 3. g3 d5 4.
Bg2 Be7 5. O-O O-O 6. c4 c6 7. Nc3 Ne4 8. Qc2 f5 9. b3 Nd7 10. Bb2 Nxc3 11. Bxc3 Nf6 12. Nd2 Bd7 13. f3 c5 14. Kh1 cxd4 15. Bxd4 dxc4 16. Nxc4 Rc8 17. Qd3 Bb5 18. Rac1 Bxc4 19. Rxc4 Rxc4 20. Qxc4 Qd5 21. Qxd5 Nxd5 22. e4 fxe4 23. fxe4 Rxf1+ 24. Bxf1 Nf6 25. Bxa7 Nxe4 26. Bg2 Nc3 27. a4 Nd5 28. Kg1 Kf7 29.
Kf2 Ke8 30. Ke2 Kd7 31. Kd3 Kc6 32. Bd4 g6 33. Kc4 Ba3 34. b4 Bc1 35. b5+ Kd6 36. Bc5+ Ke5 37. Bxd5 exd5+ 38. Kd3 Ke6 39. a5 Kd7 40.
Kd4 Bd2 41. a6 bxa6 42. bxa6 Kc6 43. a7 Kb7 44. Kxd5 Bc3 45. Ke6 h5 46. Be3 Ba5 47. Kf6 Bd8+ 48. Kxg6 h4 49. g4 h3 50. g5 Bc7 51. Bg1 Bd6 52. Kh7 Ka8 53. g6 Be5 54. g7 Bxg7 55. Kxg7 Kb7 56. Kg6 Ka8 57. Kg5 1-0

[Event "Early-Titled-Tuesday-Blitz-October-10-2023"]
[Site "Chess.com"]
[Date "2023.10.10"]
[Round "11"]
[White "KejJaj"]
[Black "Witaliss"]
[Result "0-1"]
[WhiteElo "2168"]
[BlackElo "2358"]
[TimeControl "180+1"]
[EndTime "10:04:56 PDT"]
[Termination "Witaliss won on time"]

1. d4 Nf6 2. Bf4 d6 3. Nc3 Nbd7 4. Nf3 g6 5. e4 Bg7 6. Qd2 c6 7. O-O-O O-O 8. e5 Ne8 9. Bh6 Qa5 10. h4 dxe5 11.
h5 exd4 12. Nxd4 Ndf6 13. hxg6 fxg6 14. Bxg7 Nxg7 15. Bc4+ Kh8 16. Qh6 Bf5 17. Nf3 Qc5 18. Ng5 Ngh5 19. Rxh5 gxh5 20. Nf7+ Rxf7 21. Bxf7 Qxf2 22.
Rd2 Qf1+ 23. Rd1 Qxg2 24. Rd2 Qg7 25. Qxg7+ Kxg7 26. Bb3 h4 27. Rh2 h3 28. Ne2 Rd8 29.
Nf4 Rd4 30. Ne2 Rh4 31. Ng3 Bg4 32. c3 Nh5 33. Nxh5+ Rxh5 34. Bc2 Rg5 35. Be4 h5 36. Kd2 Re5 37. Ke3 Bf5 38. Kf4 Rxe4+ 39. Kxf5 Re3 40.
Kg5 h4 41. Kxh4 Kf6 42. Kg4 Ke5 43. Rd2 Ke4 44. a4 e5 45. Kh4 Kf4 46. Kh5 e4 47.
Kg6 Rg3+ 48. Kf6 Rg2 49. Rd4 h2 0-1